 Dungeon Crawl Stone Soup version 0.23-a0-445-g768d57b (console) character file.

2320 utis the Grasshopper (level 9, 0/70 HPs)
             Began as a Human Warper on Nov 17, 2018.
             Slain by a hornet (6 damage)
             ... while paralysed by a hornet
             ... on level 7 of the Dungeon.
             The game lasted 00:35:43 (13148 turns).

utis the Grasshopper (Human Warper)                Turns: 13148, Time: 00:35:43

Health: 0/70       AC:  8    Str: 14    XL:     9   Next: 69%
Magic:  2/13       EV:  2    Int: 13    God:
Gold:   421        SH:  0    Dex: 14    Spells: 3/14 levels left

rFire    . . .     SeeInvis .   F - +3 flail (holy)
rCold    + . .     Gourm    .   (no shield)
rNeg     . . .     Faith    .   w - +1 ring mail
rPois    .         Spirit   .   g - +2 hat
rElec    .         Reflect  .   (no cloak)
rCorr    +         Harm     .   (no gloves)
MR       .....                  (no boots)
Stlth    +.........             (no amulet)
HPRegen  0.21/turn              C - ring of protection from cold
MPRegen  0.13/turn              p - ring of resist corrosion

@: paralysed, very slightly contaminated, slowed
A: no striking features
a: no special abilities


You were on level 7 of the Dungeon.
You were not hungry.

You visited 1 branch of the dungeon, and saw 8 of its levels.

You collected 421 gold pieces.

Inventory:

Hand Weapons
 a - a +2 short sword of electrocution
 b - a +0 hunting sling
 t - a +0 mace
 u - a +0 spear
 v - a +0 flail
 F - a +3 flail of holy wrath (weapon)
 N - a +0 lajatang
Missiles
 e - 5 tomahawks of dispersal {=f}
 i - 398 stones (quivered)
 l - 37 bolts
 m - 141 arrows
 n - a throwing net {=f}
 q - 120 sling bullets
 K - 2 tomahawks
 O - 5 curare-tipped needles {=f}
Armour
 g - a +2 hat (worn)
 s - a +0 leather armour
 w - a +1 ring mail (worn)
 Q - a +0 chain mail
 S - a +0 scale mail
Jewellery
 o - a +3 ring of protection
 p - a ring of resist corrosion (right hand)
 y - an uncursed ring of ice {unknown}
 C - a ring of protection from cold (left hand)
 W - the ring "Uxzoan" {Str+3 Slay-3 SInv Stlth+, unknown}
   (You found it on level 7 of the Dungeon)

   [ring of stealth]

   It affects your strength (+3).
   It affects your accuracy and damage with ranged weapons and melee attacks
   (-3).
   It lets you see invisible.
   It makes you more stealthy.
Wands
 G - a wand of scattershot (4)
 U - a wand of enslavement (6)
Scrolls
 c - 7 scrolls of remove curse {@r2}
 d - a scroll of blinking
 h - a scroll of enchant weapon
 A - a scroll of random uselessness {unknown}
 B - 2 scrolls of fear
 H - a scroll of immolation {unknown}
 M - a scroll of magic mapping {unknown}
 P - a scroll of fog
 R - a scroll of enchant armour
 T - a scroll of teleportation {@r4}
 V - 2 scrolls of identify {@r1}
Potions
 j - 4 potions of brilliance
 k - 3 potions of curing {@q1}
 x - a potion of cancellation
 z - a potion of haste {@q3}
 D - a potion of magic
 E - a potion of lignification {unknown}
 I - 2 potions of agility
 J - 2 potions of flight
 L - a potion of degeneration {unknown}
Comestibles
 f - 9 rations


   Skills:
 - Level 6.3 Fighting
 - Level 4.0 Short Blades
 - Level 5.0 Maces & Flails
 - Level 1.0 Throwing
 + Level 3.1 Armour
 + Level 3.7 Dodging
 - Level 3.2 Spellcasting
 - Level 6.4 Translocations
 - Level 3.0 Evocations


You had 3 spell levels left.
You knew the following spells:

 Your Spells              Type           Power        Failure   Level  Hunger
d - Passage of Golubria   Tloc           N/A          30%         4    #####..
g - Shroud of Golubria    Chrm/Tloc      ##........   19%         2    ##.....
o - Teleport Other        Tloc           ###.....     10%         3    ###....
v - Blink                 Tloc           N/A          4%          2    ##.....

Your spell library contained the following spells:

 Spells                   Type           Power        Failure   Level  Hunger
 Gell's Gravitas          Tloc           ###.......   10%         3    ###....
 Lesser Beckoning         Tloc           ###.......   10%         3    ###....


Dungeon Overview and Level Annotations

Branches:
Dungeon (8/15)             Temple (0/1) D:7
   Lair: D:8-11

Altars:
Dithmenos
Gozag
Hepliaklqana
Kikubaaqudgha
Okawaru
Qazlal
Ru
Trog
Xom
Yredelemnul

Annotations:
D:3 exclusion: downstairs


Message History

* * * LOW HITPOINT WARNING * * *
You feel as though you will be slow longer.
Casting: Teleport Other (safe; 10% risk of failure)
Confirm with . or Enter, or press ? or * to list all spells.
Aiming: Teleport Other (safe; 10% risk of failure)
Press: ? - help, Shift-Dir - straight line, f/p - hornet
Aim: a hornet (chance to defeat MR: 48%)
The hornet resists with some effort.
The hornet stings you but does no damage. x2
Casting: Teleport Other (safe; 10% risk of failure)
Confirm with . or Enter, or press ? or * to list all spells.
Aiming: Teleport Other (safe; 10% risk of failure)
Press: ? - help, Shift-Dir - straight line, f/p - hornet
Aim: a hornet (chance to defeat MR: 48%)
The hornet looks slightly unstable.
* * * LOW MAGIC WARNING * * *
The hornet stings you!
* * * LOW HITPOINT WARNING * * *
You suddenly lose the ability to move!
The hornet stings you.
You die...

░░░░░......░░
░░.....░░.░ ░....░░..░
░░░..░░.░░ ░...░░░░.░░
░..░░.░ ░░..░ ░..░
░░....░░ ░..░
░░.░░░░..░░.░░ ░..░
░..░░..░░░░.░░ ░░..░
░░░....░░░░░..░
░░...░░░░.....░░░░...░░
░░....░...░░░░.p....░.░
░.......░░░ ░░y.░░░░░░░
░░.......░ ░.░░ .
░.<.░░░░.░░░░ ░░.░ .
....░ ░░...░░░..░░░░░░.
...░░ ░..............░
...░ ░░...........░..░
...░ ░..░░░...░░░░░░.░
...░ ░..░░░...░░ ░.░░


You could see a hornet.

Vanquished Creatures
  Eustachio (D:7)
  An orc warrior (D:6)
  An ice beast (D:5)
  2 sky beasts
  3 centaurs (D:6)
  A phantom (D:8)
  A crocodile (D:7)
  A big kobold (D:7)
  Blork the orc (D:5)
  A bullfrog (D:6)
  A water moccasin skeleton (D:4)
  2 scorpions
  5 bullfrog zombies
  2 crimson imps (D:6)
  2 centaur skeletons
  2 orc priests
  3 bullfrog skeletons
  2 hounds
  3 orc wizards
  5 worker ants
  A hound skeleton (D:7)
  10 gnolls
  A howler monkey skeleton (D:4)
  14 adders
  2 shadow imps
  An adder skeleton (D:4)
  A worm (D:2)
  2 leopard geckos
  9 orcs
  2 ball pythons
  9 bats
  6 giant cockroaches
  13 goblins
  7 hobgoblins
  8 jackals
  16 kobolds
  5 quokkas
  7 frilled lizards
  A quokka skeleton (D:7)
  9 rats
  A bush (D:2)
165 creatures vanquished.

Notes
Turn   | Place    | Note
-------+----------+-------------------------------------------
     0 | D:1      | utis the Human Warper began the quest for the Orb.
     0 | D:1      | Reached XP level 1. HP: 16/16 MP: 3/3
   270 | D:1      | Reached XP level 2. HP: 17/22 MP: 5/5
  1419 | D:2      | Learned a level 2 spell: Shroud of Golubria
  1422 | D:2      | Learned a level 2 spell: Blink
  1456 | D:2      | Reached XP level 3. HP: 27/27 MP: 6/6
  1848 | D:2      | Reached XP level 4. HP: 33/33 MP: 4/7
  2311 | D:2      | *shrug*
  2577 | D:2      | Reached XP level 5. HP: 13/38 MP: 2/8
  3157 | D:2      | Reached skill level 5 in Maces & Flails
  3335 | D:2      | Learned a level 3 spell: Teleport Other
  4224 | D:3      | Reached skill level 1 in Short Blades
  4265 | D:3      | Found a sacrificial altar of Ru.
  4279 | D:3      | Found an ancient bone altar of Kikubaaqudgha.
  4279 | D:3      | Found a basalt altar of Yredelemnul.
  4279 | D:3      | Found a stormy altar of Qazlal.
  4289 | D:3      | Found a hazy altar of Hepliaklqana.
  4293 | D:3      | Found an iron altar of Okawaru.
  4560 | D:3      | Reached XP level 6. HP: 46/46 MP: 6/9
  5534 | D:4      | Noticed a sky beast
  6230 | D:5      | Entered Level 5 of the Dungeon
  6408 | D:5      | Noticed an ice beast
  6433 | D:5      | Killed an ice beast
  6433 | D:5      | Reached XP level 7. HP: 26/52 MP: 5/10
  6838 | D:5      | Noticed Blork the orc
  6851 | D:5      | Killed Blork the orc
  7041 | D:5      | Reached skill level 5 in Translocations
  7206 | D:5      | Noticed Eustachio
  7504 | D:5      | Reached XP level 8. HP: 56/58 MP: 9/12
  9478 | D:6      | Reached skill level 5 in Fighting
 10198 | D:6      | Reached XP level 9. HP: 65/69 MP: 10/13
 10371 | D:6      | Found a shimmering altar of Xom.
 10718 | D:6      | Found an opulent altar of Gozag.
 11220 | D:7      | Found a shadowy altar of Dithmenos.
 11272 | D:7      | Found a staircase to the Ecumenical Temple.
 11409 | D:7      | Noticed a hornet
 11412 | D:7      | Paralysed by a hornet for 2 turns
 11705 | D:7      | Learned a level 4 spell: Passage of Golubria
 11814 | D:8      | Found a bloodstained altar of Trog.
 12001 | D:7      | Killed Eustachio
 12605 | D:8      | Noticed a hornet
 12606 | D:8      | sigh
 12616 | D:8      | Paralysed by a hornet for 2 turns
 12990 | D:7      | Got a brightly glowing bone ring
 13135 | D:7      | Paralysed by a hornet for 3 turns
 13139 | D:7      | Paralysed by a hornet for 3 turns
 13148 | D:7      | Paralysed by a hornet for 3 turns
 13148 | D:7      | Slain by a hornet

Vault maps used:
D:1:      erik_arrival_blinker_ship, serial_forest,
          infiniplex_forest_clump_long, infiniplex_forest_straight_4,
          infiniplex_forest_zigzag_1, infiniplex_forest_straight_5,
          minmay_pentomino_z2
D:2:      minmay_thinvault, lexackson_kobold_supper
D:3:      minmay_overflow_temple_hex
D:4:      first_ration
D:5:      minmay_misc_feat_enclosed, uniq_blork_the_orc, uniq_eustachio
D:6:      minmay_bubble_buster, tgw_xom, old_standard_altar
D:7:      nicolae_dithmenos_shadow_blocks, minmay_temple_entry_stoned_glass,
          hangedman_decor_growths, kennysheep_generic_room_10
D:8:      lemuel_crystal_altar

Skill      XL: |  1  2  3  4  5  6  7  8  9 |
---------------+----------------------------+-----
Maces & Flails | 3 4 5 |  5.0
Short Blades   | 1 2 4 |  4.0
Fighting       | 3 6 |  6.3
Translocations | 5 6 |  6.4
Spellcasting   | 3 |  3.2
Evocations     | 3 |  3.0
Armour         | 3 |  3.1
Dodging        | 3 |  3.7
Throwing       | |  1.0

Action                   |  1- 3 |  4- 6 |  7- 9 || total
-------------------------+-------+-------+-------++-------
Melee: Mace              |    82 |    42 |       ||   124
       Flail             |       |    52 |   103 ||   155
       Short sword       |       |   138 |   241 ||   379
 Fire: Hunting sling     |       |    12 |       ||    12
Throw: Stone             |     5 |    17 |    11 ||    33
 Cast: Shroud of Golubri |     3 |    25 |    39 ||    67
       Teleport Other    |       |     1 |    10 ||    11
  Use: Scroll            |       |    12 |     5 ||    17
       Potion            |       |       |     5 ||     5
 Stab: Sleeping          |       |     2 |       ||     2
  Eat: Chunk             |     3 |    17 |    17 ||    37
       Ration            |       |       |     3 ||     3
Armor: Leather armour    |    24 |    65 |     1 ||    90
       Ring mail         |       |       |   148 ||   148
Dodge: Dodged            |    56 |   134 |   185 ||   375

Table legend:
 A = Non-vault XP
 B = Vault XP
 C = Vault XP percentage of total XP
 D = Non-vault monster count
 E = Vault monster count
 F = Vault count percentage of total count
                 A         B        C        D         E       F
            +---------+---------+-------+---------+---------+-------
      Total |    2548 |     767 |  23.1 |     128 |      36 |  22.0
            +---------+---------+-------+---------+---------+-------
        D:1 |      21 |       4 |  16.0 |      14 |       2 |  12.5
        D:2 |     128 |      58 |  31.2 |      21 |      20 |  48.8
        D:3 |     108 |       0 |   0.0 |      20 |       0 |   0.0
        D:4 |     188 |       0 |   0.0 |      10 |       0 |   0.0
        D:5 |     634 |      90 |  12.4 |      26 |       1 |   3.7
        D:6 |     667 |     402 |  37.6 |      14 |      11 |  44.0
        D:7 |     592 |     213 |  26.5 |      17 |       2 |  10.5
        D:8 |     210 |       0 |   0.0 |       6 |       0 |   0.0
            +---------+---------+-------+---------+---------+-------
